 Dungeon Crawl Stone Soup version 0.30-a0-451-ge042605de7 (webtiles) character file.

Game seed: 14014196195235652150

410 NinjaNoafa the Digger (level 6, -1/35 HPs)
             Began as a Gargoyle Earth Elementalist on Dec 11, 2022.
             Slain by a bullfrog (4 damage)
             ... in a sewer.
             The game lasted 00:10:41 (3793 turns).

NinjaNoafa the Digger (Gargoyle Earth Elementalist) Turns: 3793, Time: 00:10:42

Health: -1/35      AC:  6    Str: 11    XL:     6   Next: 89%
Magic:  12/12      EV: 11    Int: 18    God:
Gold:   122        SH:  0    Dex:  8    Spells: 7/13 levels left

rFire   . . .      SeeInvis +    u - +0 morningstar
rCold   . . .      Faith    .    (no shield)
rNeg    + . .      Spirit   .    a - +0 robe
rPois   ∞          Reflect  .    (helmet restricted)
rElec   +          Harm     .    w - scarf {repulsion}
rCorr   .          Rampage  .    (no gloves)
Will    .....                    (no boots)
Stlth   ++........               r - amulet of regeneration
HPRegen 1.05/turn                f - ring of see invisible
MPRegen 0.13/turn                (no ring)

@: repel missiles
A: sickness immunity, AC +4, negative energy resistance 1, electricity
resistance, torment resistance 1, petrification resistance, horns 1, clumsy 1,
robust 1, screaming 1
a: no special abilities


You were in a sewer.
You visited 1 branch of the dungeon, and saw 4 of its levels.
You also visited: Sewer.

You collected 122 gold pieces.

Inventory:

Hand Weapons
 u - a +0 morningstar (weapon)
Missiles
 d - 11 stones
 l - 2 javelins
 s - 2 poisoned darts
Armour
 a - a +0 robe (worn)
 w - a scarf of repulsion (worn)
Jewellery
 f - a ring of see invisible (left hand)
 r - an amulet of regeneration (around neck)
Scrolls
 c - 7 scrolls of identify {unknown}
 g - 2 scrolls of blinking
 h - a scroll of amnesia {unknown}
 k - 2 scrolls of teleportation {unknown}
 p - a scroll of enchant armour {unknown}
 t - a scroll of brand weapon {unknown}
Potions
 e - a potion of degeneration {unknown}
 i - 2 potions of might {unknown}
 j - 2 potions of berserk rage {unknown}
 m - a potion of curing {unknown}
 n - 2 potions of mutation
 o - a potion of ambrosia {unknown}
 q - 3 potions of heal wounds {unknown}
 v - a potion of invisibility {unknown}


   Skills:
 - Level 1.5 Dodging
 - Level 2.1 Stealth
 + Level 4.2 Spellcasting
 * Level 3.3 Conjurations
 + Level 2.4 Transmutations
 + Level 5.2 Earth Magic


You had 7 spell levels left.
You knew the following spells:

 Your Spells              Type           Power      Damage    Failure   Level
a - Sandblast             Erth           44%        2d11      1%          1
b - Passwall              Tmut/Erth      14%        N/A       4%          2
c - Stone Arrow           Conj/Erth      38%        3d9       8%          3

Your spell library contained the following spells:

 Spells                   Type           Power      Damage    Failure   Level
 Petrify                  Tmut/Erth      17%        N/A       30%         4


Dungeon Overview and Level Annotations

Branches:
Dungeon (4/15)              Sewer (1/1)
 Temple: D:4-7

Altars:
Elyvilon
Fedhas
Makhleb

Shops:
D:3 :


Innate Abilities, Weirdness & Mutations

You are immune to sickness and miasma.
Your stone body is resilient. (AC +4)
You are immune to poison.
You resist negative energy. (rN+)
You are resistant to electric shocks. (rElec)
You are resistant to unholy torment.
You are immune to petrification.
You have a pair of small horns on your head.
You are clumsy. (Dex -2)
You are robust. (+10% HP)
You occasionally shout uncontrollably at your foes.


Message History

The ball python attacks as you move away!
The ball python misses you. The ball python completely misses you.
You enter the shallow water.
Moving in this stuff is going to be slow.
The bullfrog closely misses you. The ball python misses you.
The ball python grabs you. The ball python constricts you.
The bullfrog hits you.
* * * LOW HITPOINT WARNING * * *
You escape the ball python's grasp.
The bullfrog attacks as you move away!
The bullfrog hits you but does no damage.
The bullfrog hits you.
* * * LOW HITPOINT WARNING * * *
The bullfrog barely misses you. x2
Casting: Stone Arrow (quite dangerous; 9% risk of failure)
Confirm with . or Enter, or press ? or * to list all spells.
You don't know that spell.
Unknown command.
Sorry, you're not good enough to have a special ability.
Unknown command.
Blink to where?
Press: ? - help, Dir - move target, p - bullfrog
As you read the scroll labelled XEV BUNLATIBB, it crumbles to dust.
It was a scroll of blinking.
It was a potion of mutation.
You feel extremely strange.
You feel clumsy.
You feel the urge to shout.
You feel robust. A pair of horns grows on your head!
Unknown command.
Unknown command.
Casting: Stone Arrow (dangerous; 9% risk of failure)
Confirm with . or Enter, or press ? or * to list all spells.
Aiming: Sandblast (safe; 1% risk of failure)
Press: ? - help, Shift-Dir - straight line, f - bullfrog
Aim: a bullfrog (heavily wounded, 79% to hit)
The blast of sand hits the bullfrog!
You kill the bullfrog!
The bullfrog hits you but does no damage.
Magic courses through your body. The bullfrog hits you.
* * * LOW HITPOINT WARNING * * *
The bullfrog hits you.
You die...

##### ####...####
####.........####
##...........†...##
#.....†.#.........#
##......##'##†.....##
#......###..##@.....#
#.~.~..# #..##FS..~##
#≈≈~≈≈~# #####≈≈~≈≈≈#
#≈≈~†≈≈# #≈≈l~≈~#
#≈≈≈††≈# #≈~~~≈≈#
#≈≈≈~≈~# #≈~l~~≈#
#≈≈≈~~~# #≈~~~~≈#
#≈.~.~## #≈≈~~≈≈#
#~~.[~≈# #≈≈≈#~~#


You could see a bullfrog, a ball python and 2 frilled lizards.

Vanquished Creatures
  A bullfrog (Sewer)
  A scorpion (D:3)
  A hound (D:3)
  9 adders
  7 river rats
  3 worms
  7 endoplasms
  6 giant cockroaches
  5 goblins
  8 hobgoblins
  5 kobolds
  3 quokkas
  17 ball pythons
  5 bats
  4 frilled lizards
  35 rats
117 creatures vanquished.

Vanquished Creatures (others)
  4 toadstools (D:1)
4 creatures vanquished.

Grand Total: 121 creatures vanquished

Notes
Turn   | Place    | Note
-------+----------+-------------------------------------------
     0 | D:1      | NinjaNoafa the Gargoyle Earth Elementalist began the quest
                  | for the Orb.
     0 | D:1      | Reached XP level 1. HP: 10/10 MP: 3/3
   135 | D:1      | Reached XP level 2. HP: 15/15 MP: 1/5
   493 | D:1      | Reached XP level 3. HP: 19/19 MP: 4/7
  1266 | D:2      | Reached XP level 4. HP: 24/24 MP: 7/10
  1269 | D:2      | Learned a level 2 spell: Passwall
  1489 | D:2      | Reached skill level 1 in Transmutations
  1781 | D:3      | Found Retz's Book Shop.
  1845 | D:3      | Found a burning altar of Makhleb.
  1845 | D:3      | Noticed a blizzard demon
  1869 | D:3      | Found a faded altar of an unknown god.
  1954 | D:3      | Reached skill level 4 in Earth Magic
  2227 | D:3      | Found a blossoming altar of Fedhas.
  2307 | D:3      | Noticed a scorpion
  2309 | D:3      | Killed a scorpion
  2310 | D:3      | Reached XP level 5. HP: 28/28 MP: 8/11
  2875 | D:3      | Found a white marble altar of Elyvilon.
  3028 | D:4      | Found a glowing drain.
  3040 | D:4      | Reached skill level 1 in Conjurations
  3072 | Sewer    | Entered a sewer
  3171 | Sewer    | Reached XP level 6. HP: 32/32 MP: 9/12
  3260 | Sewer    | Learned a level 3 spell: Stone Arrow
  3585 | Sewer    | Reached skill level 5 in Earth Magic
  3791 | Sewer    | Gained mutation: You are clumsy. (Dex -2) [potion of
                  | mutation]
  3791 | Sewer    | Gained mutation: You occasionally shout uncontrollably at
                  | your foes. [potion of mutation]
  3791 | Sewer    | Gained mutation: You are robust. (+10% HP) [potion of
                  | mutation]
  3791 | Sewer    | Gained mutation: You have a pair of small horns on your
                  | head. [potion of mutation]
  3793 | Sewer    | Slain by a bullfrog

Illustrated notes

Levels and vault maps discovered:
D:1:      ldierk_walled_garden_2, layout_basic
D:2:      layout_loops_ring
D:3:      layout_basic, mainiacjoe_overflow_24_doors, makhleb_altar_promises_db,
          old_standard_altar, chequers_ecumenical_altar_island, serial_shops,
          nicolae_shop_hallway_stairs
D:4:      layout_basic, okawaru_ov_weapons_minmay, kennysheep_little_box,
          portal_sewer_entry_a
Sewer:    sewer_minmay_w

Skill      XL: |  1  2  3  4  5  6 |
---------------+-------------------+-----
Spellcasting   | 3 4 |  4.2
Transmutations | 1 2 |  2.4
Earth Magic    | 4 5 |  5.2
Conjurations   | 1 3 |  3.3
Dodging        | |  1.5
Stealth        | |  2.1

Action                   |  1- 3 |  4- 6 || total
-------------------------+-------+-------++-------
Melee: Dagger            |    24 |       ||    24
       Morningstar       |       |    23 ||    23
       Punch             |       |     1 ||     1
 Cast: Sandblast         |    58 |    91 ||   149
       Stone Arrow       |       |     9 ||     9
  Use: Potion            |       |     2 ||     2
       Scroll            |       |     1 ||     1
 Stab: Sleeping          |       |     1 ||     1
Armor: Robe              |    23 |   103 ||   126
Dodge: Dodged            |    26 |   151 ||   177

Table legend: (Time is in decaauts)
 A = Elapsed time spent in this place.
 B = Non-inter-level travel time spent in this place.
 C = Inter-level travel time spent in this place.
 D = Time resting spent in this place.
 E = Time spent auto-exploring this place.
 F = Levels seen in this place.
 G = Mean time per level.
                   A        B        C        D        E       F      G
               +--------+--------+--------+--------+--------+-----+--------+
         Total |   3954 |   3750 |    204 |      0 |   3036 |   5 |  790.8 |
       Dungeon |   3128 |   2924 |    204 |      0 |   2473 |   4 |  782.0 |
         Sewer |    825 |    825 |      0 |      0 |    562 |   1 |  825.0 |
               +--------+--------+--------+--------+--------+-----+--------+

Top non-repeatable levels by time:
     D:3: 1254 daAuts
     D:1: 975 daAuts
     D:2: 843 daAuts
   Sewer: 825 daAuts
     D:4: 55 daAuts
